 Dungeon Crawl Stone Soup version 0.30-a0-715-gdb4ae3ece1 (webtiles) character file.

Game seed: 16956797824183563664

11 voltaire321 the Gusty (level 2, 0/16 HPs)
             Began as a Tengu Air Elementalist on Jan 24, 2023.
             Killed by their own static electricity (3 damage)
             ... on level 1 of the Dungeon.
             The game lasted 00:02:52 (432 turns).

voltaire321 the Gusty (Tengu Air Elementalist)       Turns: 432, Time: 00:02:53

Health: 0/16       AC:  2    Str:  8    XL:     2   Next: 29%
Magic:  0/6        EV: 12    Int: 15    God:
Gold:   27         SH:  0    Dex: 14    Spells: 2/5 levels left

rFire   . . .      SeeInvis .    c - +0 dagger
rCold   . . .      Faith    .    (no shield)
rNeg    . . .      Spirit   .    a - +0 robe
rPois   .          Reflect  .    (helmet restricted)
rElec   .          Harm     .    (no cloak)
rCorr   .          Rampage  .    (no gloves)
Will    .....                    (boots unavailable)
Stlth   ++                       (no amulet)
HPRegen 0.22/turn                (no ring)
MPRegen 0.10/turn                (no ring)

@: no status effects
A: beak, talons 3
a: no special abilities


You were on level 1 of the Dungeon.
You visited 1 branch of the dungeon, and saw 1 of its levels.

You collected 27 gold pieces.

Inventory:

Hand Weapons
 c - a +0 dagger (weapon)
Armour
 a - a +0 robe (worn)
Scrolls
 d - 3 scrolls of identify {unknown}
Potions
 b - a potion of magic


   Skills:
 + Level 0.4 Fighting
 + Level 2.4 Dodging
 - Level 2.0 Stealth
 + Level 2.1 Spellcasting
 + Level 1.8 Conjurations
 + Level 4.2 Air Magic


You had 2 spell levels left.
You knew the following spells:

 Your Spells              Type           Power      Damage    Failure   Level
a - Shock                 Conj/Air       40%        1d5       6%          1
b - Static Discharge      Conj/Air       20%        2-3/arc   10%         2

Your spell library contained the following spells:

 Spells                   Type           Power      Damage    Failure   Level
 Freeze                   Ice            4%         1d3       22%         1
 Swiftness                Air            14%        N/A       12%         3
 Airstrike                Air            7%         2d(1-17)  36%         4
 Hailstorm                Conj/Ice       4%         3d4       41%         3
 Frozen Ramparts          Ice            2%         1d1       54%         3


Dungeon Overview and Level Annotations

Branches:
Dungeon (1/15)

Altars:

Shops:
D:1 *[!


Innate Abilities, Weirdness & Mutations

You have a beak for a mouth.
You have claws for feet.


Message History

You kill the bat!
Your magical contamination has completely faded away.
Found a stone staircase leading down.
You now have enough gold to buy a black potion on this level, buy a cyan potion on this level, buy a golden potion on this level, or buy a scroll labelled KAQEHI JEASSIC on this level.
You can access your shopping list by pressing '$'.
You now have 27 gold pieces (gained 11).
Found a spear.
Found Ubiekhim's Armour Emporium.
Found a robe.
There is an entrance to Ubiekhim's Armour Emporium here.
A gnoll comes into view. It is wielding a +0 whip.
Aiming: Shock (safe; 6% risk of failure)
Press: ? - help, Q - select action, (/) - cycle Shift-Dir - straight line, f - gnoll
Aim: a gnoll, wielding a +0 whip (asleep, 100% to hit)
The zap hits the gnoll.
The gnoll is lightly wounded.
The gnoll shouts!
Aiming: Shock (safe; 6% risk of failure)
Press: ? - help, Q - select action, (/) - cycle Shift-Dir - straight line, f/p - gnoll
Aim: a gnoll, wielding a +0 whip (lightly wounded, 72% to hit)
The zap hits the gnoll.
The gnoll is moderately wounded.
Aiming: Shock (safe; 6% risk of failure)
Press: ? - help, Q - select action, (/) - cycle Shift-Dir - straight line, f/p - gnoll
Aim: a gnoll, wielding a +0 whip (moderately wounded, 72% to hit)
The zap hits the gnoll.
The gnoll is heavily wounded.
The gnoll hits you with a +0 whip!
Aiming: Shock (safe; 6% risk of failure)
Press: ? - help, Q - select action, (/) - cycle Shift-Dir - straight line, f/p - gnoll
Aim: a gnoll, wielding a +0 whip (heavily wounded, 72% to hit)
The zap misses the gnoll.
The gnoll hits you with a +0 whip!
* * * LOW HITPOINT WARNING * * *
Casting: Shock (safe; 6% risk of failure)
Confirm with . or Enter, or press ? or * to list all spells.
The gnoll is struck by an arc of lightning.
The gnoll is severely wounded.
You are struck by an arc of lightning.
You die...

.......##........>..........P#~#P
###....#.........##..........P.P.
##...#.#.........##..............
##..##.....#รท##..##...........<..
....#.....#......................
....>..#....#.###...#........P.P.
.......#......##..#.........P#~#P
............####.##.........##~##
#........#..# #@##......... ~~~
#...........# #g##......... #~#
.................###........ #~#
#.........#.###### #........
..........#.....## #........
.####.........#..###........
####.....####......#........
###......# ####............
......##.# ##...........


You could see a gnoll.

Vanquished Creatures
  4 bats (D:1)
  2 endoplasms (D:1)
  2 kobolds (D:1)
  A quokka (D:1)
  2 rats (D:1)
11 creatures vanquished.

Notes
Turn   | Place    | Note
-------+----------+-------------------------------------------
     0 | D:1      | voltaire321 the Tengu Air Elementalist began the quest for
                  | the Orb.
     0 | D:1      | Reached XP level 1. HP: 10/10 MP: 4/4
     6 | D:1      | Found Alixzyon's Distillery.
   182 | D:1      | Reached XP level 2. HP: 15/15 MP: 3/6
   235 | D:1      | Learned a level 2 spell: Static Discharge
   240 | D:1      | Found Ibbocvif's Assorted Antiques.
   396 | D:1      | Found Ubiekhim's Armour Emporium.
   432 | D:1      | Killed from afar by themself

Illustrated notes

Levels and vault maps discovered:
D:1:      eino_arrival_water_cross, layout_rooms, serial_shops, shop,
          shop_fountains, shop, hex_medium, corexii_corridor_pit,
          minmay_strange_pillars

Action                     || total
---------------------------++-------
  Melee: Dagger            ||     4
   Cast: Shock             ||    21
 Armour: Robe              ||     2
  Dodge: Dodged            ||     9

Table legend: (Time is in decaauts)
 A = Elapsed time spent in this place.
 B = Non-inter-level travel time spent in this place.
 C = Inter-level travel time spent in this place.
 D = Time resting spent in this place.
 E = Time spent auto-exploring this place.
 F = Levels seen in this place.
 G = Mean time per level.
                   A        B        C        D        E       F      G
               +--------+--------+--------+--------+--------+-----+--------+
         Total |    431 |    431 |      0 |     69 |    260 |   1 |  431.0 |
       Dungeon |    431 |    431 |      0 |     69 |    260 |   1 |  431.0 |
               +--------+--------+--------+--------+--------+-----+--------+

Top non-repeatable levels by time:
     D:1: 431 daAuts
